 Dungeon Crawl Stone Soup version 0.16.2-12-gd0ad4c3 (webtiles) character file.

4508 ornom0n the Basher (level 10, -4/136 HPs)
             Began as an Ogre Berserker on Oct 17, 2015.
             Was a High Priest of Trog.
             Killed from afar by an orc wizard (8 damage)
             ... with a magic dart
             ... on level 1 of the Orcish Mines on Oct 18, 2015.
             The game lasted 02:23:10 (9075 turns).

ornom0n the Basher (Ogre Berserker)                 Turns: 9075, Time: 02:23:10

Health: -4/136     AC:  9    Str: 31    XL:     10   Next: 39%
Magic:  10/10      EV: 12    Int:  6    God:    Trog [*****.]
Gold:   738        SH:  0    Dex: 10    Spells: 0 memorised, 9 levels left

rFire  x . .     SeeInvis .     y - +1 mace (protect)
rCold  + . .     Clarity  .     G - +0 robe
rNeg   . . .     SustAb   .     (shield restricted)
rPois  +         Gourm    .     (helmet restricted)
rElec  .         Spirit   .     P - +0 cloak
rCorr  +         Warding  .     (gloves unavailable)
rMut   .         Stasis   .     (boots unavailable)
MR     +....                    p - amulet of resist corrosion
Stlth  ..........               A - ring of ice
                                l - ring of poison resistance

@: berserking, very quick, somewhat resistant to hostile enchantments, extremely
unstealthy
A: unfitting armour, frail 1, tough skin 1
a: Burn Spellbooks, Berserk, Trog's Hand, Brothers in Arms, Renounce Religion


You were on level 1 of the Orcish Mines.
You worshipped Trog.
Trog was extremely pleased with you.
You were not hungry.

You visited 3 branches of the dungeon, and saw 12 of its levels.

You collected 738 gold pieces.

Inventory:

Hand weapons
 g - a +4 hunting sling of flaming
 y - a +1 mace of protection (weapon)
 I - a +4 flail of venom
 S - a cursed -1 scimitar
Missiles
 c - 2 stones
 i - a tomahawk (quivered)
 M - 14 exploding sling bullets
Armour
 G - a +0 robe (worn)
 P - a +0 cloak (worn)
Jewellery
 b - a +3 ring of intelligence {unknown}
 h - an uncursed amulet of the gourmand
 l - a ring of poison resistance (left hand)
 o - an uncursed amulet of rage
 p - an amulet of resist corrosion (around neck)
 q - an uncursed amulet of clarity
 w - a cursed ring of teleportation {unknown}
 A - a ring of ice (right hand)
 E - a cursed ring of sustain abilities {unknown}
Magical devices
 m - a wand of polymorph (9)
 r - a wand of flame (27)
 s - a wand of lightning (3)
 C - a wand of polymorph (10)
 N - a wand of fire (4)
 R - a wand of confusion (12)
Scrolls
 a - a scroll of teleportation {unknown}
 d - 10 scrolls of identify
 e - 6 scrolls of amnesia
 f - 2 scrolls of random uselessness
 n - a scroll of noise
 x - a scroll of remove curse
 z - a scroll of enchant weapon {unknown}
 B - 3 scrolls of recharging {unknown}
 F - 2 scrolls of enchant armour {unknown}
 L - a scroll of magic mapping {unknown}
 Q - a scroll of blinking {unknown}
Potions
 k - a potion of brilliance {unknown}
 t - a potion of poison {unknown}
 u - a potion of agility
 H - a potion of magic {unknown}
 J - a potion of resistance {unknown}
 K - a potion of haste
 O - a potion of lignification
Comestibles
 j - 2 bread rations
 v - 3 meat rations


   Skills:
 + Level 7.3 Fighting
 * Level 8.4 Maces & Flails
 + Level 5.6(6.3) Slings
 * Level 5.9(8.0) Throwing
 * Level 4.8 Armour
 + Level 6.1 Dodging
 - Level 1.8 Stealth
 + Level 0.5 Evocations


You had 9 spell levels left.
You didn't know any spells.

Dungeon Overview and Level Annotations

Branches:
Dungeon (9/15)             Temple (1/1) D:4             Orc (2/4) D:9
   Lair: D:8-11

Altars:
Ashenzari
Dithmenos
Elyvilon
Fedhas
Makhleb
Nemelex Xobeh
Okawaru
Qazlal
Ru
Sif Muna
Trog
Vehumet
Xom
Yredelemnul
Zin
The Shining One

Shops:
Orc:1 [

Annotations:
D:9 Maurice


Innate Abilities, Weirdness & Mutations

You are too large for most types of armour.
You have tough skin (AC +1).
You are frail (-10% HP).


Message History

You feel yourself moving faster!
You feel mighty!
You feel somewhat more hungry. The orc hits you with a hand axe.
* * * LOW HITPOINT WARNING * * *
The puff of frost misses you.
Unknown command.
You thump the orc warrior!
The orc warrior is severely wounded.
The orc warrior misses you. The puff of flame hits you!
The fire burns you terribly!
* * * LOW HITPOINT WARNING * * *
The orc hits you but does no damage.
You sock the orc warrior!
The orc warrior is almost dead.
Something hits you but does no damage.
You sock the orc warrior!
You feel the power of Trog in you as your rage grows.
You kill the orc warrior!
Trog accepts your kill. The magic dart hits you!
You die...

##....................#...
#...#..............#.....##
##.##.#...............#.## ###
##....................######.###
#.....#......#.......####.#....#
#....#..............####........
###..........#.).(...##.##....#.#
####...........).(...............
.#.##.#.........@)##..........#.#
#......#.......)o).............##
##.......#..................#..##
....#......................#....#
.....#..........................#
.........................#.#.#...
#.##.##.#..........#....#.##.##.#
###.####.....##.....#..........#.
#....##.......#.#...)............


You could see an orc (frenzied).

Vanquished Creatures
  4 ogres
  A black bear (D:7)
  2 orc warriors
  A sky beast (D:5)
  5 phantoms
  2 centaurs
  Duvessa (D:7)
  2 big kobolds
  3 giant frogs
  A wyvern skeleton (D:8)
  A scorpion (D:8)
  4 killer bees (D:7)
  3 electric eels (D:7)
  4 goliath beetles
  4 wights (D:9)
  6 crimson imps
  Dowan (D:7)
  2 orc priests
  A centaur skeleton (D:6)
  3 hounds
  A giant frog skeleton (D:9)
  2 jellies
  A quasit (D:6)
  An iguana (D:8)
  9 orc wizards
  9 worker ants
  A killer bee zombie (D:8)
  A hound zombie (D:5)
  Terence (D:2)
  A mummy (D:9)
  13 adders
  6 giant mites
  3 worms (D:3)
  A shadow imp (D:5)
  3 adder zombies
  5 giant geckos
  An ooze (D:1)
  38 orcs
  9 bats
  2 bat skeletons
  2 giant cockroaches
  16 goblins
  11 hobgoblins
  16 jackals
  22 kobolds
  A giant gecko skeleton (D:4)
  2 giant newts
  2 giant spores
  A goblin skeleton (D:9)
  A goblin zombie (D:9)
  3 hobgoblin zombies (D:9)
  A kobold skeleton (D:9)
  2 kobold zombies
  An orc skeleton (D:9)
  An orc zombie (D:9)
  5 quokkas
  9 rats
  3 ballistomycetes
  A butterfly (D:2)
259 creatures vanquished.

Vanquished Creatures (collateral kills)
  The ghost of Kira the Nimble, an experienced SpCj of Nemelex Xobeh (D:7)
  An ugly thing (D:9)
  Edmund (D:5)
  Blork the orc (D:7)
  An adder (D:9)
5 creatures vanquished.

Vanquished Creatures (others)
  A centaur zombie (D:7)
1 creature vanquished.

Grand Total: 265 creatures vanquished

Notes
Turn   | Place    | Note
--------------------------------------------------------------
     0 | D:1      | ornom0n, the Ogre Berserker, began the quest for the Orb.
     0 | D:1      | Reached XP level 1. HP: 24/24 MP: 1/1
   116 | D:1      | Reached XP level 2. HP: 22/32 MP: 2/2
   307 | D:2      | Found a bloodstained altar of Trog.
   333 | D:2      | Reached XP level 3. HP: 3/40 MP: 3/3
   648 | D:2      | Test
   648 | D:2      | Found a radiant altar of Vehumet.
   754 | D:2      | Reached skill level 5 in Maces & Flails
   880 | D:2      | Noticed Terence
   909 | D:2      | Killed Terence
   959 | D:2      | Reached XP level 4. HP: 44/49 MP: 4/4
   996 | D:2      | Acquired Trog's second power
  1122 | D:2      | Found a shimmering altar of Xom.
  1710 | D:3      | Found a burning altar of Makhleb.
  1786 | D:3      | Reached XP level 5. HP: 55/55 MP: 5/5
  2247 | D:4      | Reached skill level 1 in Slings
  2313 | D:4      | Noticed a phantom
  2332 | D:4      | Killed a phantom
  2332 | D:4      | Reached skill level 5 in Fighting
  2332 | D:4      | Reached XP level 6. HP: 50/66 MP: 6/6
  2510 | D:4      | Found a staircase to the Ecumenical Temple.
  2530 | D:4      | Reached skill level 1 in Throwing
  2623 | Temple   | Entered the Ecumenical Temple
  2794 | D:5      | Entered Level 5 of the Dungeon
  3087 | D:5      | Reached skill level 1 in Stealth
  3087 | D:5      | Reached XP level 7. HP: 48/72 MP: 7/7
  3214 | D:5      | Reached skill level 6 in Maces & Flails
  3536 | D:5      | Acquired Trog's third power
  3649 | D:6      | Reached XP level 8. HP: 56/83 MP: 8/8
  3663 | D:6      | Noticed Edmund
  3688 | D:5      | Killed Edmund
  4360 | D:6      | Received a gift from Trog
  4404 | D:6      | Gained mutation: You are frail (-10% HP). [potion of mutation]
  4404 | D:6      | Gained mutation: You are agile. (Dex +2) [potion of mutation]
  4404 | D:6      | Lost mutation: You are agile. (Dex +2) [potion of mutation]
  4467 | D:6      | Reached skill level 7 in Maces & Flails
  4693 | D:7      | Found a white marble altar of Elyvilon.
  4894 | D:7      | Noticed Kira's ghost (experienced SpCj)
  4896 | D:7      | Noticed Blork the orc
  4914 | D:7      | Killed Kira's ghost
  4914 | D:7      | Reached XP level 9. HP: 26/82 MP: 9/9
  4917 | D:7      | Killed Blork the orc
  5260 | D:7      | Reached skill level 5 in Dodging
  5999 | D:7      | Noticed Duvessa
  5999 | D:7      | Noticed Dowan
  6005 | D:7      | Killed Dowan
  6016 | D:7      | Killed Duvessa
  6559 | D:7      | Reached skill level 5 in Throwing
  6615 | D:8      | Received a gift from Trog
  7003 | D:8      | Found a white marble altar of Elyvilon.
  7285 | D:8      | Found a stormy altar of Qazlal.
  7332 | D:9      | Found a sacrificial altar of Ru.
  7332 | D:9      | Found an iron altar of Okawaru.
  7371 | D:9      | Reached XP level 10. HP: 70/91 MP: 10/10
  7377 | D:9      | Reached skill level 8 in Maces & Flails
  7484 | D:9      | Reached skill level 5 in Slings
  7499 | D:9      | Noticed Maurice
  7776 | D:9      | Found a glowing golden altar of the Shining One.
  7869 | D:9      | Noticed a purple ugly thing
  7884 | D:9      | Killed a purple ugly thing
  8489 | D:9      | Found a staircase to the Orcish Mines.
  8598 | Orc:1    | Entered Level 1 of the Orcish Mines
  8759 | Orc:1    | Found a bloodstained altar of Trog.
  8842 | Orc:1    | Found Mimpehoj's Antique Armour Shop.
  9060 | Orc:2    | Noticed an orc knight
  9073 | Orc:1    | HP: 3/136 [something/puff of flame (10)]
  9075 | Orc:1    | Killed from afar by an orc wizard

Action                   |  1- 3 |  4- 6 |  7- 9 | 10-12 || total
-------------------------+-------+-------+-------+-------++-------
Melee: Mace              |    91 |    21 |   298 |    73 ||   483
       Unarmed           |    18 |       |       |       ||    18
       Flail             |       |   106 |    15 |     8 ||   129
       Morningstar       |       |    15 |     3 |       ||    18
 Fire: Hunting sling     |       |    66 |   237 |   114 ||   417
Throw: Tomahawk          |       |     4 |       |    10 ||    14
       Stone             |       |     1 |     8 |       ||     9
Invok: Berserk           |       |     1 |     2 |     1 ||     4
       Burn Spellbooks   |       |     1 |       |       ||     1
       Brothers in Arms  |       |       |     2 |     1 ||     3
Evoke: Wand              |       |       |     4 |     1 ||     5
  Use: Potion            |     3 |       |     4 |     2 ||     9
       Scroll            |     1 |     1 |     5 |     2 ||     9
  Eat: Meat ration       |     1 |       |       |       ||     1
       Pizza             |       |     1 |     2 |       ||     3
       Bread ration      |       |     1 |     4 |       ||     5
